 Dungeon Crawl Stone Soup version 0.22-a0-362-g535178c (webtiles) character file.

2846 b5mith the Carver (level 9, -5/89 HPs)
             Began as a Minotaur Berserker on Apr 20, 2018.
             Was a High Priest of Trog.
             Slain by b5mith's ghost (22 damage)
             ... on level 8 of the Dungeon.
             The game lasted 00:16:56 (6509 turns).

b5mith the Carver (Minotaur Berserker)              Turns: 6509, Time: 00:16:57

Health: -5/89      AC:  8    Str: 25    XL:     9   Next: 46%
Magic:  8/8        EV: 10    Int:  4    God:    Trog [*****.]
Gold:   266        SH:  0    Dex: 10    Spells: 8/8 levels left

rFire    x . .     SeeInvis .   a - +1 short sword (drain)
rCold    + . .     Gourm    .   (no shield)
rNeg     . . .     Faith    .   t - +0 scale mail
rPois    .         Spirit   .   (helmet restricted)
rElec    .         Reflect  .   (no cloak)
rCorr    .         Harm     .   r - +0 pair of gloves
MR       +....     Clarity  +   k - +0 pair of boots
Stlth    ..........             (no amulet)
HPRegen  0.24/turn              i - ring of ice
MPRegen  0.11/turn              m - ring of protection from magic

@: lethally poisoned (-5 -> -33)
A: retaliatory headbutt, horns 2, talons 1, blurry vision 1, clarity
a: Berserk, Trog's Hand, Brothers in Arms, Renounce Religion


You were on level 8 of the Dungeon.
You worshipped Trog.
Trog was extremely pleased with you.
You were near starving.

You visited 1 branch of the dungeon, and saw 8 of its levels.

You collected 302 gold pieces.
You spent 36 gold pieces at shops.

Inventory:

Hand Weapons
 a - a +1 short sword of draining (weapon)
   (You found it on level 2 of the Dungeon)
 p - a +0 falchion
Missiles
 x - 18 tomahawks (quivered)
Armour
 b - a +0 animal skin
 k - a +0 pair of boots (worn)
   (You found it on level 1 of the Dungeon)
 r - a +0 pair of gloves (worn)
   (You found it on level 2 of the Dungeon)
 t - a +0 scale mail (worn)
   (You found it on level 2 of the Dungeon)
Jewellery
 i - a ring of ice (left hand)
   (You found it on level 1 of the Dungeon)
 m - a ring of protection from magic (right hand)
   (You found it on level 3 of the Dungeon)
Wands
 s - a wand of iceblast (14)
   (You found it on level 3 of the Dungeon)
 z - a wand of acid (10)
   (You found it on level 4 of the Dungeon)
 A - a wand of random effects (27)
   (You found it on level 4 of the Dungeon)
Scrolls
 e - a scroll of fog {unknown}
 h - 2 scrolls of immolation {unknown}
 l - 5 scrolls of remove curse {@r2}
 n - 8 scrolls of identify {@r1}
 v - a scroll of blinking {unknown}
 w - a scroll of enchant armour {unknown}
 y - a scroll of fear {unknown}
 B - a scroll of amnesia {unknown}
 C - 2 scrolls of teleportation
 E - a scroll of magic mapping {unknown}
Potions
 d - 2 potions of lignification {unknown}
 f - a potion of flight {unknown}
 g - 3 potions of mutation {!q}
 j - 4 potions of curing {unknown}
 o - 2 potions of haste {unknown}
 q - a potion of berserk rage {unknown}
 D - a potion of brilliance {unknown}
 F - a potion of agility {unknown}
 G - a potion of invisibility {unknown}
 H - a potion of magic {unknown}
 I - a potion of ambrosia {unknown}
Comestibles
 c - 13 rations


   Skills:
 + Level 11.4 Fighting
 + Level 11.4 Long Blades
 - Level 2.4 Armour
 - Level 2.1 Dodging


You had 8 spell levels left.
You didn't know any spells.

Dungeon Overview and Level Annotations

Branches:
Dungeon (8/15)             Temple (0/1) D:6
   Lair: D:8-11

Altars:
Kikubaaqudgha
Nemelex Xobeh
Qazlal
Ru
Trog
Xom
Yredelemnul
Zin
The Shining One

Shops:
D:5 *

Annotations:
D:8 b5mith's ghost, novice MiBe


Innate Abilities, Weirdness & Mutations

You reflexively headbutt those who attack you in melee.
You have a pair of horns on your head.
You have sharp toenails.
Scrolls take you a little longer to read.
You possess an exceptional clarity of mind.


Message History

B5mith's ghost hits you!!
Your scale mail prevents you from hitting b5mith's ghost.
B5mith's ghost is lightly damaged.
B5mith's ghost hits you!!
* * * LOW HITPOINT WARNING * * *
You are poisoned.
You hit b5mith's ghost but do no damage.
You headbutt b5mith's ghost!
B5mith's ghost is lightly damaged.
You feel sick. B5mith's ghost misses you.
You're too hungry.
You completely miss b5mith's ghost.
B5mith's ghost is lightly damaged.
You feel sick.
You hit b5mith's ghost but do no damage.
Your headbutt misses b5mith's ghost.
B5mith's ghost is lightly damaged.
B5mith's ghost screams in joy, "As in life, so in death: Kill!
Kill!!
Kill!!!"
B5mith's ghost barely misses you.
You barely miss b5mith's ghost.
B5mith's ghost is lightly damaged.
You feel sick. B5mith's ghost closely misses you.
You hit b5mith's ghost. You headbutt b5mith's ghost.
B5mith's ghost is moderately damaged.
You feel sick.
B5mith's ghost hits you but does no damage.
You are more poisoned.
You hit b5mith's ghost but do no damage.
You headbutt b5mith's ghost, but do no damage.
B5mith's ghost is moderately damaged.
You hit b5mith's ghost but do no damage.
B5mith's ghost is moderately damaged.
You feel sick. B5mith's ghost hits you!
* * * LOW HITPOINT WARNING * * *
You are lethally poisoned!
You hit b5mith's ghost but do no damage.
Your headbutt misses b5mith's ghost.
B5mith's ghost is moderately damaged.
* * * LOW HITPOINT WARNING * * *
You feel very sick. B5mith's ghost barely misses you.
You hit b5mith's ghost.
B5mith's ghost is moderately damaged.
* * * LOW HITPOINT WARNING * * *
You feel sick. B5mith's ghost barely misses you.
You hit b5mith's ghost but do no damage.
B5mith's ghost is moderately damaged.
* * * LOW HITPOINT WARNING * * *
You feel sick. B5mith's ghost hits you!!
You die...

###############
###.....@W......### ##
#.......#####.....#####
≈≈≈######.#.###.#####.#.#.#...#
≈≈≈≈≈≈#...#.# #..:............#
≈≈≈≈≈≈≈.#...# #######.#.#.#...#
≈≈≈≈≈≈≈...### #.....#.<.#
≈≈≈≈≈≈≈...# ###.###...###
≈≈≈≈≈≈≈...#######
###..#.......#
≈≈≈≈≈≈...[).....#
#.............


You could see b5mith's ghost.

Vanquished Creatures
  A spriggan (D:7)
  A shadow (D:7)
  Eustachio (D:4)
  A hungry ghost (D:6)
  2 black bears (D:7)
  The ghost of ddlpg the Skirmisher, an amateur DsFi (D:3)
  2 ogres
  4 bullfrogs
  A wyvern skeleton (D:7)
  A scorpion (D:4)
  4 howler monkeys
  4 crimson imps
  2 bullfrog zombies (D:7)
  A centaur zombie (D:7)
  4 hounds
  A jelly (D:8)
  2 centaur skeletons
  5 orc wizards
  9 orc priests
  An iguana (D:5)
  5 worker ants
  A killer bee zombie (D:5)
  A hound skeleton (D:5)
  A worker ant zombie (D:6)
  10 adders
  3 gnolls (D:8)
  A shadow imp (D:6)
  3 oozes
  2 adder skeletons
  An adder zombie (D:5)
  3 dart slugs
  2 leopard geckos
  27 orcs
  2 ball pythons
  3 bats
  7 giant cockroaches
  8 goblins
  11 hobgoblins
  10 jackals
  5 quokkas
  11 frilled lizards
  4 kobolds
  6 rats
175 creatures vanquished.

Vanquished Creatures (others)
  A wyvern (D:7)
  A centaur (D:7)
  A worker ant (D:7)
  A hobgoblin (D:2)
4 creatures vanquished.

Grand Total: 179 creatures vanquished

Notes
Turn   | Place    | Note
-------+----------+-------------------------------------------
     0 | D:1      | b5mith the Minotaur Berserker began the quest for the Orb.
     0 | D:1      | Reached XP level 1. HP: 19/19 MP: 0/0
   191 | D:1      | Reached XP level 2. HP: 27/27 MP: 1/1
   826 | D:2      | Reached XP level 3. HP: 32/34 MP: 2/2
  1162 | D:2      | Reached ** piety under Trog
  1362 | D:2      | Found a glowing golden altar of the Shining One.
  1367 | D:2      | Found a basalt altar of Yredelemnul.
  1370 | D:2      | Noticed a profane servitor
  1502 | D:2      | Noticed an angel
  1583 | D:3      | Reached XP level 4. HP: 41/41 MP: 3/3
  1612 | D:3      | Reached skill level 5 in Long Blades
  1632 | D:3      | Reached skill level 5 in Fighting
  1769 | D:3      | Noticed ddlpg's ghost (amateur DsFi)
  1784 | D:3      | Killed ddlpg's ghost
  1784 | D:3      | Reached XP level 5. HP: 50/50 MP: 4/4
  2035 | D:3      | Found a sparkling altar of Nemelex Xobeh.
  2196 | D:3      | Found a faded altar of an unknown god.
  2401 | D:4      | Noticed an ogre
  2403 | D:4      | Reached XP level 6. HP: 57/57 MP: 5/5
  2409 | D:4      | Reached *** piety under Trog
  2717 | D:4      | Found a glowing silver altar of Zin.
  2805 | D:4      | Reached XP level 7. HP: 54/66 MP: 6/6
  2906 | D:4      | Noticed Eustachio
  2923 | D:4      | Killed Eustachio
  2990 | D:5      | Entered Level 5 of the Dungeon
  3037 | D:5      | Gained mutation: Scrolls take you a little longer to read. [potion of mutation]
  3037 | D:5      | Gained mutation: You have sharp toenails. [potion of mutation]
  3037 | D:5      | Gained mutation: You possess an exceptional clarity of mind. [potion of mutation]
  3200 | D:5      | Found Gaonnoaj's General Store.
  3210 | D:5      | Bought a scroll of teleportation for 36 gold pieces
  3230 | D:5      | Reached XP level 8. HP: 67/75 MP: 7/7
  3285 | D:5      | Found a stormy altar of Qazlal.
  3557 | D:6      | Reached **** piety under Trog
  3560 | D:6      | Found a staircase to the Ecumenical Temple.
  4388 | D:7      | Reached skill level 10 in Fighting
  4388 | D:7      | Reached skill level 10 in Long Blades
  4649 | D:7      | Reached XP level 9. HP: 86/86 MP: 8/8
  4702 | D:7      | Found a shimmering altar of Xom.
  4746 | D:7      | Found an ancient bone altar of Kikubaaqudgha.
  4747 | D:7      | Found a shimmering altar of Xom.
  4926 | D:7      | Found a bloodstained altar of Trog.
  5149 | D:7      | Found a sacrificial altar of Ru.
  5680 | D:8      | Reached ***** piety under Trog
  6495 | D:8      | Noticed b5mith's ghost (novice MiBe)
  6509 | D:8      | Slain by b5mith's ghost

Vault maps used:
D:1:      dpeg_arrival_brainrot, st_stairs_10
D:2:      grunt_temple_overflow_holy_war, minmay_nonomino_d4
D:3:      nicolae_overflow_hidden_temple, chequers_ecumenical_altar_island
D:4:      kennysheep_mini, first_ration, uniq_eustachio
D:5:      grunt_qazlal_clouds, serial_shops,
          nicolae_shop_competitors_out_of_business,
          corexii_item_surrounded_by_moat
D:6:      minmay_temple_entry_glass
D:7:      trog_ov_bears_minmay, gammafunk_temple_overflow_pools,
          old_standard_altar, the_bakery, corexii_leaking_fountain,
          xom_confusion_cloud
D:8:      centaur_isle

Skill      XL: |  1  2  3  4  5  6  7  8  9 |
---------------+----------------------------+-----
Fighting       | 4 5 6 7 8 10 11 | 11.4
Long Blades    | 4 5 6 7 8 10 11 | 11.4
Armour         | |  2.4
Dodging        | |  2.1

Action                   |  1- 3 |  4- 6 |  7- 9 || total
-------------------------+-------+-------+-------++-------
Melee: Falchion          |    47 |       |       ||    47
       Headbutt          |    16 |    27 |    69 ||   112
       Short sword       |    43 |   107 |   313 ||   463
Invok: Berserk           |       |     1 |       ||     1
  Use: Scroll            |     1 |       |     2 ||     3
       Potion            |       |       |     1 ||     1
  Eat: Chunk             |     2 |     5 |    12 ||    19
Armor: Animal skin       |     2 |       |       ||     2
       Scale mail        |    13 |    36 |   112 ||   161
Dodge: Dodged            |    57 |    44 |   142 ||   243
       Rpst.: Falchion   |     9 |       |       ||     9

Table legend:
 A = Spawn XP
 B = Non-spawn XP
 C = Spawn XP percentage of total XP
 D = Spawn monster count
 E = Non-spawn monster count
 F = Spawn count percentage of total count
 G = Total turns spent on level
                    A         B        C        D         E        F      G
               +---------+---------+-------+---------+---------+-------+---------
         Total |       0 |    4066 |   0.0 |       0 |     175 |   0.0 |  6509
               +---------+---------+-------+---------+---------+-------+---------
           D:1 |       0 |      39 |   0.0 |       0 |      25 |   0.0 |   787
           D:2 |       0 |      29 |   0.0 |       0 |      14 |   0.0 |   746
           D:3 |       0 |     199 |   0.0 |       0 |      27 |   0.0 |   771
           D:4 |       0 |     817 |   0.0 |       0 |      28 |   0.0 |   686
           D:5 |       0 |     469 |   0.0 |       0 |      22 |   0.0 |   438
           D:6 |       0 |     523 |   0.0 |       0 |      16 |   0.0 |   894
           D:7 |       0 |    1472 |   0.0 |       0 |      20 |   0.0 |   959
           D:8 |       0 |     518 |   0.0 |       0 |      23 |   0.0 |  1228
               +---------+---------+-------+---------+---------+-------+---------
